 Dungeon Crawl Stone Soup version 0.31-a0-219-g8d62b2e7bb (webtiles) character file.

Game seed: 17860073731073894760

499 horus123 the Conjurer (level 6, -8/32 HPs)
             Began as a Deep Elf Conjurer on July 3, 2023.
             Mangled by a troll (10 damage)
             ... on level 5 of the Dungeon.
             The game lasted 00:08:50 (5100 turns).

horus123 the Conjurer (Deep Elf Conjurer)           Turns: 5100, Time: 00:08:50

Health: -8/32      AC:  4    Str:  4    XL:     6   Next: 94%
Magic:  7/14       EV: 12    Int: 25    God:
Gold:   193        SH:  0    Dex: 13    Spells: 3/13 levels left

rFire   . . .        d - +1 short sword (drain)
rCold   . . .        (no shield)
rNeg    . . .        a - +0 robe
rPois   .            w - +1 helmet
rElec   .            (no cloak)
rCorr   .            (no gloves)
SInv    .            (no boots)
Will    .....        (no amulet)
Stlth   ++           g - ring of flight
HPRegen 0.25/turn    (no ring)
MPRegen 0.14/turn

%: no passive effects
@: flying, very slightly contaminated
A: no striking features
a: no special abilities


You were on level 5 of the Dungeon.
You visited 1 branch of the dungeon, and saw 5 of its levels.

You collected 193 gold pieces.

Inventory:

Hand Weapons
 d - a +1 short sword of draining (weapon)
 j - a +0 dagger of venom
Missiles
 m - 5 javelins
 n - 9 poisoned darts
 u - 21 stones
Armour
 a - a +0 robe (worn)
 w - a +1 helmet (worn)
Jewellery
 g - a ring of flight (left hand)
Wands
 h - a wand of polymorph (9)
 k - a wand of mindburst (10)
Scrolls
 f - 2 scrolls of immolation
 o - a scroll of amnesia {unknown}
 q - 3 scrolls of brand weapon
 r - 2 scrolls of butterflies
 s - 2 scrolls of teleportation {unknown}
Potions
 c - 3 potions of might
 e - 2 potions of enlightenment {unknown}
 i - a potion of degeneration
 l - 2 potions of resistance {unknown}
 p - 2 potions of mutation {unknown}
 t - a potion of lignification {unknown}
 v - 3 potions of heal wounds {unknown}
 x - 2 potions of invisibility {unknown}


   Skills:
 - Level 2.4 Dodging
 - Level 2.4 Stealth
 - Level 4.0 Spellcasting
 - Level 6.4 Conjurations
 + Level 5.9 Translocations
 - Level 0.1 Air Magic


You had 3 spell levels left.
You knew the following spells:

 Your Spells              Type           Power      Damage    Failure   Level
a - Magic Dart            Conj           100%       1d8       1%          1
b - Searing Ray           Conj           74%        2d7       1%          2
c - Iskenderun's Mystic   Conj/Tloc      35%        2d8       7%          4
d - Vhi's Electric Charg  Tloc/Air       40%        N/A       8%          3

Your spell library contained the following spells:

 Spells                   Type           Power      Damage    Failure   Level
 Lesser Beckoning         Tloc           68%        N/A       1%          2
 Gell's Gravitas          Tloc           34%        N/A       2%          3
 Teleport Other           Tloc           34%        N/A       2%          3
 Dazzling Flash           Conj/Hex       42%        N/A       8%          3
 Portal Projectile        Hex/Tloc       38%        N/A       9%          3
 Call Canine Familiar     Summ           5%         N/A       26%         3
 Fulminant Prism          Conj/Hex       10%        3d9       24%         4
 Arcjolt                  Conj/Air       10%        1d20      54%         5
 Leda's Liquefaction      Hex/Erth       2%         N/A       65%         4
 Plasma Beam              Fire/Air       2%         2x1d12    100%        6


Dungeon Overview and Level Annotations

Branches:
Dungeon (5/15)
 Temple: D:4-7

Altars:
Dithmenos


Message History

The troll barely misses you. The troll misses you. The troll claws you.
Casting: Searing Ray (safe; 1% risk of failure)
Confirm with . or Enter, or press ? or * to list all spells.
The spell is quite dangerous to miscast (7% risk of failure)!
Continue anyway? [Y]es or [N]o only, please.
The spell is quite dangerous to miscast (7% risk of failure)!
Continue anyway? [Y]es or [N]o only, please.
The spell is quite dangerous to miscast (7% risk of failure)!
Continue anyway?
You miscast Iskenderun's Mystic Blast.
You are very lightly contaminated with residual magic.
Nothing appears to happen.
The troll bites you! The troll claws you!
* * * LOW HITPOINT WARNING * * *
The troll claws you.
* * * LOW HITPOINT WARNING * * *
Casting: Iskenderun's Mystic Blast (quite dangerous; 7% risk of failure)
Confirm with . or Enter, or press ? or * to list all spells.
The spell is quite dangerous to miscast (7% risk of failure)!
Continue anyway?
You erupt in a blast of force!
The mystic blast hits the troll.
The troll is heavily wounded.
The troll is knocked back by the mystic blast.
Magic courses through your body.
Casting: Iskenderun's Mystic Blast (quite dangerous; 7% risk of failure)
Confirm with . or Enter, or press ? or * to list all spells.
The spell is quite dangerous to miscast (7% risk of failure)!
Continue anyway?
You erupt in a blast of force!
The mystic blast hits the troll!
The troll is severely wounded.
The troll is knocked back by the mystic blast.
Casting: Iskenderun's Mystic Blast (quite dangerous; 7% risk of failure)
Confirm with . or Enter, or press ? or * to list all spells.
Aiming: Searing Ray (safe; 1% risk of failure)
Press: ? - help, Shift-Dir - straight line, f/p - troll
Aim: a troll (severely wounded, 81% to hit)
The searing ray misses the troll. (Press . to maintain the ray.)
The searing ray hits the troll!
The troll is almost dead.
The searing ray hits the troll.
The troll is almost dead.
The troll bites you!
You die...

# #......#
.#.......#### ...
#..........###
......†..##....
###.......#####.
#.......###... . #
#.......##..##
#..#.########........##
#..........#......####
#..>...@.....####....##
#####'T####.########..#
..[.. #.....#####.#
....†.. #####....##.#
....... ####....#
#..[... ###### ##.....
≈##....


You could see a troll.

Vanquished Creatures
  A black bear (D:5)
  2 scorpions
  A hound (D:4)
  A jelly (D:4)
  6 gnolls
  8 adders
  3 worms
  2 dart slugs
  3 bats
  7 endoplasms
  6 giant cockroaches
  14 goblins
  9 hobgoblins
  3 jackals
  7 quokkas
  6 ball pythons
  3 frilled lizards (D:1)
  7 kobolds
  5 rats (D:1)
94 creatures vanquished.

Notes
Turn   | Place    | Note
-------+----------+-------------------------------------------
     0 | D:1      | horus123 the Deep Elf Conjurer began the quest for the Orb.
     0 | D:1      | Reached XP level 1. HP: 10/10 MP: 6/6
   347 | D:1      | Reached XP level 2. HP: 15/15 MP: 7/9
   350 | D:1      | Learned a level 2 spell: Searing Ray
   891 | D:1      | Reached skill level 5 in Conjurations
   891 | D:1      | Reached XP level 3. HP: 19/19 MP: 3/10
  1417 | D:2      | Found a shadowy altar of Dithmenos.
  1547 | D:2      | Reached XP level 4. HP: 24/24 MP: 6/12
  1553 | D:2      | Reached skill level 6 in Conjurations
  1852 | D:2      | Learned a level 4 spell: Iskenderun's Mystic Blast
  1856 | D:2      | Learned a level 3 spell: Vhi's Electric Charge
  2555 | D:3      | Noticed a scorpion
  2561 | D:3      | Killed a scorpion
  2562 | D:3      | Reached XP level 5. HP: 10/28 MP: 4/13
  4098 | D:4      | Reached XP level 6. HP: 32/32 MP: 12/14
  4529 | D:5      | Entered Level 5 of the Dungeon
  4533 | D:5      | Found a shadowy altar of Dithmenos.
  4828 | D:4      | Reached skill level 5 in Translocations
  5089 | D:5      | Noticed a troll
  5094 | D:5      | HP: 1/32 [troll (6)]
  5100 | D:5      | Mangled by a troll

Illustrated notes

Levels and vault maps discovered:
D:1:      sevenhm_arrival_forest_fort_large_2, layout_loops_corners,
          st_stairs_14, minmay_ruptured
D:2:      layout_basic, basic_altar
D:3:      layout_loops_ring
D:4:      layout_basic, chequers_serial_rivers_small_b, uniq_robin
D:5:      layout_rooms, nicolae_dithmenos_shadow_blocks, gup_sewer_entry_spiral,
          kennysheep_opposing_triangles

Skill      XL: |  1  2  3  4  5  6 |
---------------+-------------------+-----
Spellcasting   | 4 |  4.0
Conjurations   | 5 6 |  6.4
Translocations | 2 3 5 |  5.9
Dodging        | |  2.4
Stealth        | |  2.4
Air Magic      | |  0.1

Action                     |  1- 3 |  4- 6 || total
---------------------------+-------+-------++-------
  Melee: Short sword       |    10 |       ||    10
   Cast: Magic Dart        |    69 |   110 ||   179
         Searing Ray       |       |    15 ||    15
         Iskenderun's Myst |       |     2 ||     2
    Use: Scroll            |       |    10 ||    10
         Potion            |       |     1 ||     1
 Armour: Robe              |     4 |     8 ||    12
  Dodge: Dodged            |     9 |    27 ||    36

Table legend: (Time is in decaauts)
 A = Elapsed time spent in this place.
 B = Non-inter-level travel time spent in this place.
 C = Inter-level travel time spent in this place.
 D = Time resting spent in this place.
 E = Time spent auto-exploring this place.
 F = Levels seen in this place.
 G = Mean time per level.
                   A        B        C        D        E       F      G
               +--------+--------+--------+--------+--------+-----+--------+
         Total |   5100 |   4938 |    162 |    992 |   3332 |   5 | 1020.0 |
       Dungeon |   5100 |   4938 |    162 |    992 |   3332 |   5 | 1020.0 |
               +--------+--------+--------+--------+--------+-----+--------+

Top non-repeatable levels by time:
     D:4: 1593 daAuts
     D:1: 1354 daAuts
     D:3: 1029 daAuts
     D:2: 838 daAuts
     D:5: 284 daAuts
